PBL
ATLANTA BRAVES @ CINCINNATI REDS
03/07/2071
 
TOP OF THE 1ST
Atlanta Braves batting - Pitching for Cincinnati Reds : RHP Ichizo Ine
Pitching: RHP Ichizo Ine
Batting: RHB David Miller 0-0: Ball
1-0: Ball
2-0: Foul Ball, location: 7LSF
2-1: Ball
3-1: Base on Balls
Batting: SHB Ramón Salinas 0-0: Ball
1-0: Swinging Strike
1-1: Foul Ball, location: 9LSF
1-2: Strikes out swinging
Batting: SHB Michael Davidson 0-0: Ball
David Miller steals 2nd base
1-0: Foul Ball, location: 7LSF
1-1: 2-RUN HOME RUN (Flyball, 89XD, EV 106.9 MPH), Distance : 449 ft
Batting: LHB Paul Graham 0-0: Called Strike
0-1: Ball
1-1: Ball
2-1: Called Strike
2-2: Strikes out swinging
Batting: LHB Justin Murdock 0-0: Ball
1-0: Ground out U3 (Groundball, 34, EV 108.1 MPH)
Top of the 1st over - 2 runs, 1 hit, 0 errors, 0 left on base; Atlanta 2 - Cincinnati 0
BOTTOM OF THE 1ST
Cincinnati Reds batting - Pitching for Atlanta Braves : RHP Juan Ortega
Pitching: RHP Juan Ortega
Batting: LHB Greg McIntosh 0-0: Ball
1-0: Ball
2-0: Ball
3-0: Ground out 6-3 (Groundball, 4M, EV 108.1 MPH)
Batting: LHB Guo-xiu Tse 0-0: Ball
1-0: Fly out, F7 (Flyball, 7S, EV 88.8 MPH)
Batting: LHB Miguel Ballerini 0-0: Foul Ball, location: 9LSF
0-1: Ball
1-1: Ball
2-1: Swinging Strike
2-2: Fly out, F9 (Flyball, 9, EV 94.4 MPH)
Bottom of the 1st over - 0 runs, 0 hits, 0 errors, 0 left on base; Atlanta 2 - Cincinnati 0
TOP OF THE 2ND
Atlanta Braves batting - Pitching for Cincinnati Reds : RHP Ichizo Ine
Batting: RHB Ronald Baldwin 0-0: Foul Ball, location: 9LMF
0-1: Ground out 6-3 (Groundball, 6, EV 105.0 MPH)
Batting: RHB Dave Lester 0-0: Hit by Pitch
Batting: RHB Luis Acevedo 0-0: Ball
1-0: Called Strike
1-1: Swinging Strike
1-2: Ball
2-2: Ball
3-2: Base on Balls
Dave Lester to second
Batting: RHB Chris Green 0-0: Swinging Strike
0-1: Foul Ball, location: 9LDF
0-2: Ball
1-2: Ball
2-2: Strikes out swinging
Batting: RHB David Miller 0-0: Fielders Choice at 2nd, 5-4 (Groundball, 56, EV 83.8 MPH)
Top of the 2nd over - 0 runs, 0 hits, 0 errors, 2 left on base; Atlanta 2 - Cincinnati 0
BOTTOM OF THE 2ND
Cincinnati Reds batting - Pitching for Atlanta Braves : RHP Juan Ortega
Batting: RHB Zack Davis 0-0: Called Strike
0-1: Hit by Pitch
Batting: LHB Winston Joya 0-0: Ball
1-0: Ground out 5-3 (Groundball, 25, EV 82.5 MPH)
Zack Davis to second
Pitching: LHP António Hernández
Batting: RHB Gus Brown 0-0: SINGLE (Line Drive, 6MD, EV 108.1 MPH)
Zack Davis to third
Batting: RHB Terrence Craig 0-0: Called Strike
0-1: Ball
1-1: Called Strike
1-2: Fly out, F7 (Flyball, 7, EV 88.8 MPH)
Runner from 3rd tags up, SCORES, throw by LF
Batting: RHB Sancho Madrigal 0-0: Ball
1-0: Foul Ball, location: 2F
1-1: Foul Ball, location: 5SF
1-2: Ball
2-2: Foul Ball, location: 9LSF
2-2: Strikes out looking
Bottom of the 2nd over - 1 run, 1 hit, 0 errors, 1 left on base; Atlanta 2 - Cincinnati 1
TOP OF THE 3RD
Atlanta Braves batting - Pitching for Cincinnati Reds : RHP Ichizo Ine
Batting: SHB Ramón Salinas 0-0: Fly out, F9 (Line Drive, 9LS, EV 94.4 MPH)
Batting: SHB Michael Davidson 0-0: Ball
1-0: Fly out, F7 (Flyball, 7, EV 91.9 MPH)
Batting: LHB Paul Graham 0-0: Ball
1-0: Called Strike
1-1: Ground out 4-3 (Groundball, 4D, EV 104.4 MPH)
Top of the 3rd over - 0 runs, 0 hits, 0 errors, 0 left on base; Atlanta 2 - Cincinnati 1
BOTTOM OF THE 3RD
Cincinnati Reds batting - Pitching for Atlanta Braves : LHP António Hernández
Batting: RHB Carl Moran 0-0: Ball
1-0: Ball
2-0: Ball
3-0: Base on Balls
Batting: LHB Greg McIntosh 0-0: Ball
1-0: Fly out, F8 (Flyball, 8RXD, EV 99.4 MPH)
Pitching: RHP Gary Robinson
Batting: LHB Guo-xiu Tse 0-0: Ball
1-0: Ball
2-0: Ball
3-0: Called Strike
3-1: 2-RUN HOME RUN (Flyball, 89XD, EV 108.1 MPH), Distance : 427 ft
Batting: LHB Miguel Ballerini 0-0: Called Strike
0-1: Fly out, F8 (Flyball, 8RS, EV 87.5 MPH)
Batting: RHB Zack Davis 0-0: Called Strike
0-1: Ball
1-1: Called Strike
1-2: Strikes out swinging
Bottom of the 3rd over - 2 runs, 1 hit, 0 errors, 0 left on base; Atlanta 2 - Cincinnati 3
TOP OF THE 4TH
Atlanta Braves batting - Pitching for Cincinnati Reds : RHP Ichizo Ine
Batting: LHB Justin Murdock 0-0: Ball
1-0: Foul Ball, location: 3F
1-1: Ball
2-1: Ball
3-1: Swinging Strike
3-2: Ground out 6-3 (Groundball, 6, EV 106.9 MPH)
Batting: RHB Ronald Baldwin 0-0: Ball
1-0: Swinging Strike
1-1: Swinging Strike
1-2: Ball
2-2: Ball
3-2: Foul Ball, location: 23FF
3-2: Foul Ball, location: 2F
3-2: Foul Ball, location: 7LDF
3-2: Strikes out swinging
Batting: RHB Dave Lester 0-0: Ground out 1-3 (Groundball, 13S, EV 61.9 MPH)
Top of the 4th over - 0 runs, 0 hits, 0 errors, 0 left on base; Atlanta 2 - Cincinnati 3
BOTTOM OF THE 4TH
Cincinnati Reds batting - Pitching for Atlanta Braves : RHP Gary Robinson
Batting: LHB Winston Joya 0-0: Ball
1-0: Fly out, F7 (Flyball, 78S, EV 80.6 MPH)
Pinch Hitting: LHB Javier Gómez 0-0: Called Strike
0-1: Fly out, F8 (Flyball, 89M, EV 93.1 MPH)
Pitching: RHP Bu-wei Shang
Batting: RHB Terrence Craig 0-0: Ground out 1-3 (Groundball, 13S, EV 70.6 MPH)
Bottom of the 4th over - 0 runs, 0 hits, 0 errors, 0 left on base; Atlanta 2 - Cincinnati 3
TOP OF THE 5TH
Atlanta Braves batting - Pitching for Cincinnati Reds : RHP Ichizo Ine
Now at 1B: Robert Hylan
Now at 3B: Ramón García
Now in LF: Greg McIntosh
Now in CF: Tom Terry
Batting: RHB Luis Acevedo 0-0: Ball
1-0: Ball
2-0: Ground out 5-3 (Groundball, 56S, EV 90.6 MPH)
Batting: RHB Chris Green 0-0: Called Strike
0-1: Ball
1-1: Foul Ball, location: 2RF
1-2: Strikes out swinging
Pinch Hitting: RHB Jorge Nieto 0-0: Called Strike
0-1: Called Strike
0-2: Strikes out swinging
Top of the 5th over - 0 runs, 0 hits, 0 errors, 0 left on base; Atlanta 2 - Cincinnati 3
BOTTOM OF THE 5TH
Cincinnati Reds batting - Pitching for Atlanta Braves : RHP Bu-wei Shang
Now at 1B: Allan Jones
Now at 2B: Jorge Nieto
Now at SS: Kelvin White
Now in LF: Ramón Salinas
Now in RF: Gary Harris
Batting: RHB Sancho Madrigal 0-0: Called Strike
0-1: Swinging Strike
0-2: Ball
1-2: Ball
2-2: Ground out 6-3 (Groundball, 6, EV 86.3 MPH)
Batting: RHB Carl Moran 0-0: Ball
1-0: Called Strike
1-1: Swinging Strike
1-2: Foul Ball, location: 9LMF
1-2: Strikes out swinging
Batting: LHB Greg McIntosh 0-0: Fly out, F8 (Flyball, 8LD, EV 100.6 MPH)
Bottom of the 5th over - 0 runs, 0 hits, 0 errors, 0 left on base; Atlanta 2 - Cincinnati 3
TOP OF THE 6TH
Atlanta Braves batting - Pitching for Cincinnati Reds : RHP Ichizo Ine
Pitching: RHP Tom MacVail
Now at SS: Bob Calfee
Pinch Hitting: RHB Murai Kimura 0-0: Ball
1-0: Swinging Strike
1-1: Ball
2-1: Foul Ball, location: 5FF
2-2: Foul Ball, location: 9LSF
2-2: Strikes out swinging
Batting: RHB Domingo Contreras 0-0: Ball
1-0: Foul Ball, location: 2F
1-1: Swinging Strike
1-2: Ball
2-2: Strikes out swinging
Batting: RHB Allan Jones 0-0: Ball
1-0: Ball
2-0: Ball
3-0: Ground out 4-3 (Groundball, 4, EV 83.1 MPH)
Top of the 6th over - 0 runs, 0 hits, 0 errors, 0 left on base; Atlanta 2 - Cincinnati 3
BOTTOM OF THE 6TH
Cincinnati Reds batting - Pitching for Atlanta Braves : RHP Bu-wei Shang
Now in LF: Murai Kimura
Batting: RHB Ramón García 0-0: Ball
1-0: Foul Ball, location: 23FF
1-1: Ball
2-1: Called Strike
2-2: Foul Ball, location: 5F
2-2: Foul Ball, location: 3F
2-2: Ball
3-2: Ground out 1-3 (Groundball, 25, EV 68.1 MPH)
Pitching: LHP Ramiro Romano
Pinch Hitting: LHB Carlos Flores 0-0: SINGLE (Flyball, 7LS, EV 93.8 MPH)
Batting: RHB Zack Davis 0-0: Ball
1-0: Fly out, F3 (Popup, 3L, EV 70.6 MPH)
Batting: LHB Leonardo Díaz 0-0: Ball
1-0: Called Strike
Carlos Flores is caught stealing 2nd base 2-6
Bottom of the 6th over - 0 runs, 1 hit, 0 errors, 0 left on base; Atlanta 2 - Cincinnati 3
TOP OF THE 7TH
Atlanta Braves batting - Pitching for Cincinnati Reds : RHP Tom MacVail
Pitching: RHP Jim Barker
Now at C: Marcos Cuellar
Now in RF: Carlos Flores
Batting: RHB Kelvin White 0-0: Ball
1-0: Foul Ball, location: 2F
1-1: Ball
2-1: SINGLE (Line Drive, 7S, EV 102.5 MPH)
Batting: RHB Ronald Baldwin 0-0: Swinging Strike
0-1: Ball
1-1: Fly out, F4 (Popup, 4, EV 62.5 MPH)
Pinch Hitting: RHB Tomás Mota 0-0: Ball
1-0: Swinging Strike
1-1: Called Strike
1-2: Hit by Pitch
Kelvin White to second
Pinch Hitting: LHB José Núñez 0-0: SINGLE (Line Drive, 56D, EV 94.4 MPH)
Kelvin White to third
Tomás Mota to second
Runner from 3rd tries for Home, SAFE, throw by LF to home
Pinch Hitting: LHB Rafael Galló 0-0: Fly out, F8 (Flyball, 8LXD, EV 94.4 MPH)
Runner from 2nd tags up, SAFE at 3rd, no throw by CF
Pinch Hitting: LHB Dan de l 0-0: Ball
1-0: Called Strike
1-1: Foul Ball, location: 2F
1-2: Strikes out looking
Top of the 7th over - 1 run, 2 hits, 0 errors, 2 left on base; Atlanta 3 - Cincinnati 3
BOTTOM OF THE 7TH
Cincinnati Reds batting - Pitching for Atlanta Braves : LHP Ramiro Romano
Now at 2B: Dan de l
Now at 3B: Tomás Mota
Now in LF: Tyrone Evans
Now in CF: Rafael Galló
Now in RF: Murai Kimura
Batting: LHB Leonardo Díaz 0-0: Ground out U3 (Groundball, 3L, EV 82.5 MPH)
Batting: LHB Tom Terry 0-0: Ball
1-0: Ball
2-0: Ball
3-0: Called Strike
3-1: Foul Ball, location: 25F
3-2: Foul Ball, location: 3FF
3-2: Reached on error, E5 (Groundball, 56S, EV 79.4 MPH)
Batting: RHB Robert Hylan 0-0: Ball
1-0: Foul Ball, location: 9LSF
1-1: SINGLE (Line Drive, 7S, EV 96.3 MPH)
Tom Terry to third
Pitching: LHP Sergio Colón
Batting: RHB Bob Calfee 0-0: Fly out, F9 (Flyball, 9D, EV 98.1 MPH)
Runner from 3rd tags up, SCORES, throw by RF
Batting: RHB Marcos Cuellar 0-0: Called Strike
0-1: Ball
Pickoff Throw to First - Out! 1-3 CS
Bottom of the 7th over - 1 run, 1 hit, 1 error, 0 left on base; Atlanta 3 - Cincinnati 4
TOP OF THE 8TH
Atlanta Braves batting - Pitching for Cincinnati Reds : RHP Jim Barker
Pitching: LHP Octávio Tobías
Batting: RHB Murai Kimura 0-0: Ground out 6-3 (Groundball, 6MD, EV 98.8 MPH)
Batting: RHB Domingo Contreras 0-0: Ball
1-0: Ball
2-0: Called Strike
2-1: Foul Ball, location: 5DF
2-2: Ball
3-2: Foul Ball, location: 9LSF
3-2: Foul Ball, location: 5F
3-2: Foul Ball, location: 5F
3-2: Foul Ball, location: 3F
3-2: SINGLE (Groundball, 6D, EV 100.6 MPH)
Batting: RHB Allan Jones 0-0: SINGLE (Line Drive, 8RS, EV 105.0 MPH)
Domingo Contreras to second
Batting: RHB Kelvin White 0-0: Ball
1-0: Ball
2-0: Foul Ball, location: 5FF
2-1: Foul Ball, location: 3F
2-2: Strikes out swinging
Batting: RHB Ronald Baldwin 0-0: Ball
1-0: Called Strike
1-1: Swinging Strike
1-2: Ball
2-2: Ball
3-2: Strikes out swinging
Top of the 8th over - 0 runs, 2 hits, 0 errors, 2 left on base; Atlanta 3 - Cincinnati 4
BOTTOM OF THE 8TH
Cincinnati Reds batting - Pitching for Atlanta Braves : LHP Sergio Colón
Pitching: RHP Ángel Chávez
Batting: RHB Marcos Cuellar 0-0: Called Strike
0-1: Ball
1-1: Foul Ball, location: 3DF
1-2: Fly out, F7 (Flyball, 7D, EV 109.4 MPH)
Batting: LHB Greg McIntosh 0-0: Ball
1-0: SOLO HOME RUN (Flyball, 7D, EV 102.5 MPH), Distance : 395 ft
Batting: RHB Ramón García 0-0: Ground out 5-3 (Groundball, 56S, EV 75.6 MPH)
Batting: LHB Carlos Flores 0-0: Swinging Strike
0-1: Foul Ball, location: 7LDF
0-2: Strikes out swinging
Bottom of the 8th over - 1 run, 1 hit, 0 errors, 0 left on base; Atlanta 3 - Cincinnati 5
TOP OF THE 9TH
Atlanta Braves batting - Pitching for Cincinnati Reds : LHP Octávio Tobías
Pitching: LHP Lawrence Brown
Batting: RHB Tomás Mota 0-0: Foul Ball, location: 2F
0-1: Called Strike
0-2: Ball
1-2: Strikes out swinging
Batting: RHB Tyrone Evans 0-0: Called Strike
0-1: Ball
1-1: Ground out 6-3 (Groundball, 6, EV 95.6 MPH)
Pinch Hitting: RHB Chris Mack 0-0: Ball
1-0: Ball
2-0: Foul Ball, location: 9LSF
2-1: Reached via error on a dropped throw from 1B, E1 (Groundball, 34, EV 105.6 MPH)
Batting: LHB Dan de l 0-0: Called Strike
0-1: Fly out, F6 (Popup, 6, EV 56.3 MPH)
Top of the 9th over - 0 runs, 0 hits, 1 error, 1 left on base; Atlanta 3 - Cincinnati 5
Thursday, March 28th , 2024 - OOTP Baseball 24.10 Build 82